 Dungeon Crawl Stone Soup version 0.30-b1-2-g02819fbbbe (webtiles) character file.

Game seed: 13054352705819897968

438 tilp the Magician (level 7, -2/50 HPs)
             Began as a Djinni Fire Elementalist on May 5, 2023.
             Slain by a gnoll
             ... wielding a +0 club
              (5 damage)
             ... on level 3 of the Dungeon.
             The game lasted 00:07:58 (2462 turns).

tilp the Magician (Djinni Fire Elementalist)        Turns: 2462, Time: 00:07:59

Health: -2/50      AC:  3    Str:  7    XL:     7   Next: 21%
Gold:   64         EV: 12    Int: 19    God:
                   SH:  0    Dex: 13

rFire   + + .        a - +2 dagger (protect)
rCold   . . .        (no shield)
rNeg    . . .        g - +0 robe
rPois   ∞            (no helmet)
rElec   .            (no cloak)
rCorr   .            u - +0 pair of gloves
SInv    .            (boots unavailable)
Will    .....        (no amulet)
Stlth   ++           m - ring of protection from cold
HPRegen 0.28/turn    (no ring)
MPRegen 0.00/turn

%: infuse magic (-3 HP)
@: flying
A: sickness immunity, fire resistance 2, cold vulnerability 1, float, innate
caster, HP casting, extra vitality 1
a: no special abilities


You were on level 3 of the Dungeon.
You visited 1 branch of the dungeon, and saw 3 of its levels.

You collected 103 gold pieces.
You spent 39 gold pieces at shops.

Inventory:

Hand Weapons
 a - a +2 dagger of protection (weapon)
 b - a +2 mace of protection
 f - a +0 quarterstaff
 l - a +0 dagger
Missiles
 d - 2 atropa-tipped darts
 i - 18 stones
 j - 5 silver javelins
Armour
 g - a +0 robe (worn)
 u - a +0 pair of gloves (worn)
Jewellery
 m - a ring of protection from cold (left hand)
 t - a +6 ring of dexterity
Scrolls
 n - 2 scrolls of magic mapping {unknown}
 p - a scroll of fear {unknown}
 q - a scroll of enchant weapon {unknown}
 r - a scroll of blinking {unknown}
 s - a scroll of enchant armour {unknown}
 v - a scroll of amnesia {unknown}
Potions
 c - a potion of might
 e - a potion of magic {unknown}
 h - 2 potions of ambrosia
 k - 4 potions of curing
 o - a potion of lignification {unknown}


   Skills:
 * Level 3.4 Fighting
 - Level 2.1 Dodging
 - Level 1.5 Stealth
 * Level 5.1 Spellcasting


You knew the following spells:

 Your Spells              Type           Power      Damage    Failure   Level
a - Foxfire               Conj/Fire      96%        2x1d8     1%          1
b - Scorch                Fire           48%        2d7       2%          2
c - Volatile Blastmotes   Fire/Tloc      48%        2d14      4%          3
d - Inner Flame           Hex/Fire       24%        N/A       4%          3
e - Flame Wave            Conj/Fire      24%        2d8       14%         4
f - Apportation           Tloc           48%        N/A       1%          1
g - Static Discharge      Conj/Air       48%        2-4/arc   2%          2
h - Lesser Beckoning      Tloc           48%        N/A       2%          2
Your spell library was empty.

Dungeon Overview and Level Annotations

Branches:
Dungeon (3/15)

Altars:

Shops:
D:1 !   D:3 =


Innate Abilities, Weirdness & Mutations

You are immune to sickness and miasma.
You are immune to poison.
Your flesh is very heat resistant. (rF++)
You are vulnerable to cold. (rC-)
You float through the air rather than walking.
You learn spells naturally, not from books.
Your magical power is your life essence.
You have superior vitality. (+4 MHP)


Message History

Confirm with . or Enter, or press ? or * to list all spells.
You conjure some foxfire!
The foxfire hits the gnoll.
The gnoll is lightly wounded.
The foxfire hits the gnoll.
The gnoll is lightly wounded.
The gnoll attacks as you move away! The gnoll hits you but does no damage.
You see here a +0 short sword.
Casting: Foxfire (safe; 1% risk of failure)
Confirm with . or Enter, or press ? or * to list all spells.
You conjure some foxfire!
The gnoll hits you from afar with a +1 vampiric spear.
The gnoll hits you with a +0 whip.
A gnoll comes into view. It is wielding a +0 whip.
Your foxfire dissipates!
The gnoll attacks as you move away! The gnoll completely misses you.
The foxfire hits the gnoll.
The gnoll is heavily wounded.
A gnoll comes into view. It is wielding a +0 club.
Things that are here:
a +0 club; a gnoll corpse The gnoll shouts!
The gnoll throws a throwing net.
The throwing net hits you.
You become entangled in the net!
There is an open door here.
Things that are here:
a throwing net; a +0 club; an orc corpse You struggle against the net.
The gnoll barely misses you.
You struggle against the net.
The gnoll hits you with a +0 club.
* * * LOW HITPOINT WARNING * * *
The gnoll hits you with a +0 whip.
* * * LOW HITPOINT WARNING * * *
The gnoll barely misses you.
You struggle against the net.
The gnoll hits you with a +0 club.
* * * LOW HITPOINT WARNING * * *
The gnoll hits you from afar with a +1 vampiric spear.
* * * LOW HITPOINT WARNING * * *
The gnoll hits you with a +0 whip.
* * * LOW HITPOINT WARNING * * *
You rip the net and break free!
The gnoll hits you with a +0 club.
You die...

#....≈≈###)#....g..o.....
#....~≈≈.#.#....###'#####
#.P..~≈~.#.#....# .o
#....~≈~.#.###o## ...
#....~~~.#......# ...
#....~~≈.#......# ..
#....~≈~.#g#################
#....≈~~.#g#....)......#....
#....~≈~.#.@g))).))...)'....
#...P~≈###'#...........#....
#....~≈#...#############''''
#....≈≈#...#....[...........
#....~≈#####≈~~~~~~~~~~~.... ##
#....≈≈≈≈≈≈≈≈~≈~≈≈≈≈≈≈≈~....
..####....~~~~~≈~~≈≈~~~~≈~~~~..))
#)).##.....P.....................
###).##############...##.####....


You could see 3 gnolls.

Vanquished Creatures
  A howler monkey (D:3)
  A hound (D:3)
  An orc priest (D:3)
  2 orc wizards (D:3)
  16 gnolls (D:3)
  3 adders (D:2)
  2 dart slugs
  20 orcs (D:3)
  4 endoplasms
  5 goblins
  6 hobgoblins
  16 jackals (D:3)
  3 kobolds (D:2)
  2 quokkas (D:1)
  9 ball pythons
  3 bats
  A frilled lizard (D:2)
  5 rats
100 creatures vanquished.

Vanquished Creatures (others)
  200 foxfires
200 creatures vanquished.

Grand Total: 300 creatures vanquished

Notes
Turn   | Place    | Note
-------+----------+-------------------------------------------
     0 | D:1      | tilp the Djinni Fire Elementalist began the quest for the
                  | Orb.
     0 | D:1      | tilp set off with the following spells memorised: Foxfire,
                  | Scorch, Volatile Blastmotes, Inner Flame, Flame Wave.
     0 | D:1      | Reached XP level 1. HP: 15/15 MP: 0/0
   174 | D:1      | Reached XP level 2. HP: 22/22 MP: 0/0
   228 | D:1      | Found a faded altar of an unknown god.
   385 | D:1      | Reached skill level 3 in Spellcasting
   393 | D:1      | Found Zekoekum's Distillery.
   516 | D:2      | Reached skill level 1 in Fighting
   516 | D:2      | Reached XP level 3. HP: 20/27 MP: 0/0
   516 | D:2      | Learned a level 1 spell: Apportation
   787 | D:2      | Reached XP level 4. HP: 30/32 MP: 0/0
   860 | D:2      | Identified the +10 dagger of Chaos {venom, rElec Dex+6}
  1196 | D:2      | Identified the +3 spear of Ratuschy {freeze, +Blink rF++
                  | rC- Str+3}
  1273 | D:1      | Bought a potion of curing for 39 gold pieces
  1441 | D:3      | Reached XP level 5. HP: 34/38 MP: 0/0
  1441 | D:3      | Learned a level 2 spell: Static Discharge
  1525 | D:3      | Found Taligeck's Jewellery Shoppe.
  1616 | D:3      | Reached skill level 4 in Spellcasting
  1784 | D:3      | Reached XP level 6. HP: 34/43 MP: 0/0
  2133 | D:3      | Reached skill level 5 in Spellcasting
  2256 | D:3      | Reached XP level 7. HP: 36/50 MP: 0/0
  2256 | D:3      | Learned a level 2 spell: Lesser Beckoning
  2462 | D:3      | Slain by a gnoll

Illustrated notes

Levels and vault maps discovered:
D:1:      heliophobic_arrival_ceremonial_halls, layout_rooms,
          shapermc_ecumenical_altar_mp_highgroup, serial_shops, shop
D:2:      layout_loops_ring, chequers_serial_rivers_room_a
D:3:      lemuel_castle_with_subvaults [lemuel_castle_interior_carwin_1],
          layout_rooms, serial_shops, shop

Skill      XL: |  1  2  3  4  5  6 |
---------------+-------------------+-----
Spellcasting   | 3 4 5 |  5.1
Fighting       | 1 2 3 |  3.4
Dodging        | |  2.1
Stealth        | |  1.5

Action                     |  1- 3 |  4- 6 |  7- 9 || total
---------------------------+-------+-------+-------++-------
  Melee: Mace              |     1 |       |       ||     1
         Dagger            |       |    17 |       ||    17
   Cast: Foxfire           |    39 |    70 |    12 ||   121
         Scorch            |     1 |    23 |     7 ||    31
    Use: Scroll            |     3 |     1 |       ||     4
 Armour: Robe              |     5 |    19 |     1 ||    25
  Dodge: Dodged            |    16 |    65 |     8 ||    89
